 Dungeon Crawl Stone Soup version 0.14-a0-848-g57a047c (webtiles) character file.

239 4tharraofdagon the Stinger (level 4, -4/30 HPs)
             Began as a Human Venom Mage on Nov 14, 2013.
             Was an Initiate of Vehumet.
             Slain by TurtleSmacker's ghost (9 damage)
             ... on Level 3 of the Dungeon.
             The game lasted 00:05:00 (847 turns).

4tharraofdagon the Stinger (Human Venom Mage)        Turns: 847, Time: 00:05:00

HP  -4/30        AC  3     Str  9      XL: 4   Next: 84%
MP   6/8         EV 10     Int 16      God: Vehumet [......]
Gold 150         SH  7     Dex 13      Spells:  2 memorised,  4 levels left

Res.Fire  : . . .   See Invis. : .   w - +1,+2 orc war axe (elec)
Res.Cold  : . . .   Warding    : .   g - +0 leather armour
Life Prot.: . . .   Conserve   : .   x - +0 elf buckler
Res.Poison: .       Res.Corr.  : .   (no helmet)
Res.Elec. : .       Clarity    : .   (no cloak)
Sust.Abil.: . .     Spirit.Shd : .   (no gloves)
Res.Mut.  : .       Stasis     : .   (no boots)
Res.Rott. : .       Flight     : .   (no amulet)
Saprovore : . . .                    (no ring)
                                     (no ring)

@: slightly resistant to hostile enchantments, unstealthy
A: no striking features
a: Renounce Religion


You were on level 3 of the Dungeon.
You worshipped Vehumet.
Vehumet was noncommittal.
You were hungry.

You visited 1 branch of the dungeon, and saw 4 of its levels.

You collected 150 gold pieces.

Inventory:

Hand weapons
 e - a +2,+2 dwarven dagger of draining
 w - a +1,+2 orcish war axe of electrocution (weapon)
Armour
 a - a +0 robe
 g - a +0 leather armour (worn)
 x - a +0 elven buckler (worn)
Magical devices
 s - a wand of slowing (0)
 y - a wand of flame (1)
Comestibles
 c - 2 bread rations
 j - a sausage
 q - a choko
 u - a pear
 v - a rotting chunk of adder flesh
Scrolls
 f - a scroll of enchant armour {unknown}
 l - 5 scrolls of remove curse {unknown}
 m - a scroll of teleportation {unknown}
 n - 2 scrolls of identify {unknown}
 o - a scroll of fog {unknown}
 p - a scroll of fear {unknown}
 r - a scroll of noise {unknown}
Jewellery
 k - an uncursed amulet of resist mutation {unknown}
Potions
 d - a potion of might
 h - a potion of restore abilities {unknown}
 i - a potion of degeneration {unknown}
 z - a potion of agility {unknown}
Books
 b - a Young Poisoner's Handbook

   Spells                             Type                      Level
   *Sting                             Conjuration/Poison           1
   *Cure Poison                       Poison                       2
   Mephitic Cloud                     Conjuration/Poison/Air       3
   Olgreb's Toxic Radiance            Poison                       4
   Venom Bolt                         Conjuration/Poison           5


   Skills:
 - Level 2.0 Dodging
 - Level 2.0 Stealth
 * Level 0.6 Shields
 + Level 2.3 Spellcasting
 * Level 3.0 Conjurations
 * Level 4.0 Poison Magic


You had 4 spell levels left.
You knew the following spells:

 Your Spells              Type           Power        Failure   Level  Hunger
a - Sting                 Conj/Pois      ##..         10%         1    #......
b - Cure Poison           Pois           ##........   12%         2    ##.....


Dungeon Overview and Level Annotations

Branches:
Dungeon (4/16)
 Temple: D:4-7

Altars:
Vehumet

Annotations:
D:3 TurtleSmacker's ghost, experienced FoFi


Message History

The gnoll hits you but does no damage.
TurtleSmacker's ghost whispers, "They're coming for you..."
The gnoll hits you from afar with a spear!
A gnoll comes into view. It is wielding a spear.
The gnoll shouts!
The gnoll closely misses you. You block the gnoll's attack.
An orc priest comes into view. It is wielding an orcish trident.
The orc priest shouts!
The gnoll hits you but does no damage.
The orc priest moves out of view.
The gnoll looks more healthy.
The orc priest mumbles some strange prayers to Beogh.
You feel troubled.
Unknown command.
You barely miss the orc priest. The gnoll closely misses you.
The orc priest hits you but does no damage.
The gnoll hits you from afar with a spear!
* * * LOW HITPOINT WARNING * * *
TurtleSmacker's ghost hits you!
You die...

#.........%..)...........>......
#...........##########....####..
#...g...........................
#...............######.....###..
#...............######.....##...
..................(....#..##...
#.#.........gg#g......#..##...
.#...........p...............
##....#.#(.@#######.#..##.##
.............o...............
.##....#.#...#######....##.##
#...............r.....#
#....#.###########....# #....#.#
#....# #....#.# #....# #....#.#
#### #.#.## #....#<#
.......##.#.#


You could see an orc priest, 3 gnolls and TurtleSmacker's ghost.

Vanquished Creatures
  Jessica (D:2)
  3 adders
  A giant eyeball (D:4)
  5 orcs (D:3)
  A ball python (D:3)
  4 giant cockroaches
  6 goblins
  3 hobgoblins
  A quokka (D:3)
  3 bats
  3 giant newts
  5 kobolds
  5 rats
41 creatures vanquished.

Notes
Turn   | Place    | Note
--------------------------------------------------------------
     0 | D:1      | 4tharraofdagon, the Human Venom Mage, began the quest for the Orb.
     0 | D:1      | Reached XP level 1. HP: 13/13 MP: 3/3
    61 | D:1      | Reached skill level 1 in Conjurations
    77 | D:1      | Reached XP level 2. HP: 17/19 MP: 4/4
   122 | D:1      | Learned a level 2 spell: Cure Poison
   309 | D:2      | Reached XP level 3. HP: 24/24 MP: 0/6
   375 | D:2      | Noticed Jessica
   395 | D:2      | Killed Jessica
   474 | D:3      | Reached XP level 4. HP: 26/30 MP: 5/8
   635 | D:3      | Noticed TurtleSmacker's ghost (experienced FoFi)
   688 | D:4      | Found a radiant altar of Vehumet.
   689 | D:4      | Paralysed by a giant eyeball for 4 turns
   693 | D:4      | HP: 1/30 [goblin/wand of flame (5)]
   696 | D:4      | Paralysed by a giant eyeball for 4 turns
   718 | D:4      | Became a worshipper of Vehumet
   847 | D:3      | Slain by TurtleSmacker's ghost

Action                   |  1- 3 |  4- 6 || total
-------------------------+-------+-------++-------
Melee: Dagger            |    37 |    13 ||    50
       War axe           |       |     6 ||     6
 Cast: Sting             |    19 |    21 ||    40
  Use: Potion            |       |     3 ||     3
